 Dungeon Crawl Stone Soup version 0.16-a0-282-ga87e286 (webtiles) character file.

1198 Kashira the Archer (level 8, -4/61 HPs)
             Began as a Centaur Hunter on Aug 27, 2014.
             Slain by an orc warrior
             ... wielding a +0 halberd
              (14 damage)
             ... on Level 7 of the Dungeon.
             The game lasted 00:54:38 (7343 turns).

Kashira the Archer (Centaur Hunter)                 Turns: 7343, Time: 00:54:38

HP  -4/61        AC 14     Str 14      XL: 8   Next: 20%
MP   6/6         EV  3     Int 10      God:
Gold 335         SH  0     Dex 13      Spells:  0 memorised,  7 levels left

rFire  . . .     SeeInvis .     a - +0 short sword
rCold  . . .     Clarity  .     m - +3 chain mail
rNeg   . . .     rCorr    .     (no shield)
rPois  .         rRot     .     (no helmet)
rElec  .         Spirit   .     t - +1 cloak
SustAb .         Warding  .     C - +0 pair of gloves (curse)
rMut   .         Stasis   .     (no barding)
Gourm  +                        H - amulet of the gourmand
MR     .....                    (no ring)
                                (no ring)

@: about to teleport, very quick, not resistant to hostile enchantments,
extremely unstealthy
A: hooves 3, deformed body, speed 2, tough skin 3
a: no special abilities


You were on level 7 of the Dungeon.
You were hungry.

You visited 2 branches of the dungeon, and saw 8 of its levels.

You collected 335 gold pieces.

Inventory:

Hand weapons
 a - a +0 short sword (weapon)
 b - a +1 shortbow
 l - a cursed +0 hunting sling
 D - a +0 dagger of venom
Missiles
 c - 18 arrows
 j - 31 poisoned needles
 n - 6 poisoned arrows
 o - 3 large rocks
 v - 5 bolts of flame
 L - 17 sling bullets
 M - 18 bolts
Armour
 d - a +0 leather armour
 m - a +3 chain mail (worn)
 t - a +1 cloak (worn)
 C - a cursed +0 pair of gloves (worn)
Comestibles
 f - 8 bread rations
 p - a slice of pizza
 u - 2 fruits
 O - a beef jerky
Scrolls
 i - a scroll of teleportation
 w - 2 scrolls of amnesia
 E - 2 scrolls of remove curse {unknown}
 F - a scroll of silence {unknown}
 Q - a scroll of enchant weapon {unknown}
 S - a scroll of blinking {unknown}
Jewellery
 r - an uncursed ring of ice {unknown}
 G - an uncursed ring of poison resistance {unknown}
 H - an amulet of the gourmand (around neck)
 I - an uncursed ring of sustain abilities {unknown}
 J - an uncursed ring of ice {unknown}
Potions
 e - 2 potions of resistance {unknown}
 g - 2 potions of lignification {unknown}
 h - a potion of brilliance {unknown}
 k - a potion of restore abilities {unknown}
 q - a potion of poison {unknown}
 s - a potion of flight {unknown}
 z - a potion of curing {unknown}
 A - a potion of decay {unknown}
 B - 2 potions of heal wounds {unknown}
 K - a potion of agility {unknown}
 P - a potion of beneficial mutation {unknown}
 R - a potion of haste {unknown}
 T - a potion of invisibility {unknown}
 U - a potion of might {unknown}
Books
 x - a book of Burglary

   Spells                             Type                      Level
   Swiftness                          Charms/Air                   2
   Passwall                           Transmutation/Earth          3
   Passage of Golubria                Translocation                4
   Lee's Rapid Deconstruction         Earth                        5
   Invisibility                       Hexes                        6
   Darkness                           Hexes                        7
Rods
 y - a +0 rod of ignition (14/14)
   (You found it on level 3 of the Dungeon)


   Skills:
 + Level 2.0 Fighting
 + Level 1.1 Short Blades
 + Level 11.7 Bows
 + Level 0.6 Throwing
 + Level 2.2 Armour
 + Level 2.7 Dodging
 + Level 0.5 Stealth


You had 7 spell levels left.
You didn't know any spells.

Dungeon Overview and Level Annotations

Branches:
Dungeon (7/15)             Temple (1/1) D:6

Altars:
Ashenzari
Dithmenos
Elyvilon
Fedhas
Kikubaaqudgha
Makhleb
Nemelex Xobeh
Qazlal
Sif Muna
Trog
Vehumet
Xom
Zin
The Shining One

Shops:
D:5 :

Annotations:
D:3 Kashira's ghost, average CeHu


Innate Abilities, Weirdness & Mutations

You have hooves in place of feet.
Armour fits poorly on your strangely shaped body.
You cover ground very quickly.
You have extremely tough skin (AC +3).


Message History

The orc warrior hits you from afar with a halberd!
An orc comes into view.
Firing (i - inventory. (,) - cycle):
c - 19 arrows (quivered)
Press: ? - help, Shift-Dir - straight line, f/p - orc warrior
Aim: an orc warrior, wielding a halberd and wearing a chain mail (heavily wounded)
You shoot an arrow.
The arrow closely misses the orc warrior.
Wield which item (- for none, * to show all)? (? for menu, Esc to quit)
a - a +0 short sword (weapon)
The orc warrior hits you from afar with a halberd!
You hit the orc warrior but do no damage.
Your kick misses the orc warrior.
The orc warrior is heavily wounded.
The orc warrior hits you with a halberd!!
* * * LOW HITPOINT WARNING * * *
Read which item? (? for menu, Esc to quit)
As you read the scroll of teleportation, it crumbles to dust.
You feel strangely unstable.
The orc warrior hits you with a halberd!
You die...

## ## ### #.## .#
#.# #.... #.## ##@#
.... #..## #o## ...
#..## ##(# .#
####...###.o#
#####........#..#
%...).....(....##
.............((#
............((..#
#.........###(....#


You could see an orc warrior and an orc.

Vanquished Creatures
  Menkaure (D:7)
  A phantom (D:6)
  An orc warrior (D:6)
  A crocodile (D:6)
  A centaur (D:6)
  Duvessa (D:5)
  2 scorpions
  2 goliath beetles (D:6)
  Dowan (D:4)
  A giant frog skeleton (D:4)
  A jelly (D:6)
  An orc priest (D:6)
  An iguana (D:4)
  2 worker ants (D:4)
  3 orc wizards
  6 adders
  3 gnolls (D:2)
  2 giant mites
  2 worms
  A shadow imp (D:6)
  7 orcs
  2 ball pythons
  A bat skeleton (D:5)
  7 giant cockroaches
  12 goblins
  11 hobgoblins
  14 jackals
  8 kobolds
  4 quokkas
  10 bats
  A giant gecko (D:1)
  7 giant newts
  11 rats
129 creatures vanquished.

Notes
Turn   | Place    | Note
--------------------------------------------------------------
     0 | D:1      | Kashira, the Centaur Hunter, began the quest for the Orb.
     0 | D:1      | Reached XP level 1. HP: 16/16 MP: 1/1
   558 | D:1      | Reached XP level 2. HP: 23/23 MP: 2/2
   779 | D:1      | Reached skill level 6 in Bows
   779 | D:1      | Reached XP level 3. HP: 28/28 MP: 3/3
  1639 | D:2      | Reached skill level 1 in Armour
  1642 | D:2      | Reached XP level 4. HP: 35/35 MP: 3/3
  2094 | D:3      | Noticed Kashira's ghost (average CeHu)
  2468 | D:3      | Reached skill level 7 in Bows
  2468 | D:3      | Reached XP level 5. HP: 25/40 MP: 4/4
  3619 | D:4      | Reached XP level 6. HP: 48/48 MP: 5/5
  3647 | D:4      | Noticed Dowan
  3702 | D:4      | Killed Dowan
  3702 | D:4      | Reached skill level 8 in Bows
  3899 | D:4      | Noticed Duvessa
  3919 | D:5      | Entered Level 5 of the Dungeon
  3946 | D:5      | Killed Duvessa
  4468 | D:4      | Reached skill level 9 in Bows
  4996 | D:5      | Found Posiejit's Book Boutique.
  5528 | D:6      | Reached XP level 7. HP: 53/55 MP: 5/5
  5903 | D:6      | Reached skill level 10 in Bows
  6222 | D:6      | Found a staircase to the Ecumenical Temple.
  6230 | D:6      | Reached skill level 1 in Short Blades
  6235 | Temple   | Entered the Ecumenical Temple
  6695 | D:6      | Reached skill level 11 in Bows
  7041 | D:6      | Reached XP level 8. HP: 61/61 MP: 6/6
  7302 | D:7      | Noticed Menkaure
  7315 | D:7      | Killed Menkaure
  7343 | D:7      | Slain by an orc warrior

Action                   |  1- 3 |  4- 6 |  7- 9 || total
-------------------------+-------+-------+-------++-------
Melee: Short sword       |    57 |   108 |    20 ||   185
 Fire: Shortbow          |   105 |   211 |   152 ||   468
Throw: Javelin           |       |     7 |       ||     7
  Use: Scroll            |     2 |     3 |     3 ||     8
  Eat: Chunk             |     1 |     5 |     2 ||     8
       Pizza             |       |     1 |       ||     1
       Meat ration       |       |     1 |       ||     1
